 Dungeon Crawl Stone Soup version 0.26-a0-1020-ge47f559bc5 (webtiles) character file.

Game seed: 14809268756604516272

23 Dracia the Conjurer (level 2, -2/20 HPs)
             Began as a Draconian Conjurer on Dec 8, 2020.
             Killed from afar by a white imp (11 damage)
             ... with a puff of frost
             ... summoned by Natasha
             ... on level 2 of the Dungeon.
             The game lasted 00:01:22 (1083 turns).

Dracia the Conjurer (Draconian Conjurer)            Turns: 1083, Time: 00:01:22

Health: -2/20      AC:  4    Str:  9    XL:     2   Next: 75%
Magic:  1/5        EV: 12    Int: 18    God:
Gold:   55         SH:  0    Dex:  9    Spells: 2/5 levels left

rFire    . . .     SeeInvis .   c - +0 whip
rCold    . . .     Faith    .   (no shield)
rNeg     . . .     Spirit   .   (armour unavailable)
rPois    .         Reflect  .   (helmet restricted)
rElec    .         Harm     .   (no cloak)
rCorr    .         Rampage  .   (no gloves)
Will     .....                  (no boots)
Stlth    ++........             (no amulet)
HPRegen  0.06/turn              (no ring)
MPRegen  0.09/turn              (no ring)

@: no status effects
A: unfitting armour, cold-blooded, AC +4
a: no special abilities


You were on level 2 of the Dungeon.
You visited 1 branch of the dungeon, and saw 2 of its levels.

You collected 55 gold pieces.


Innate Abilities, Weirdness & Mutations

Your plain brown scales are hard. (AC +4)
You cannot fit into any form of body armour.
You are cold-blooded and may be slowed by cold attacks.


   Skills:
 - Level 1.7 Dodging
 - Level 1.7 Stealth
 + Level 2.4 Spellcasting
 * Level 4.6 Conjurations


You had 2 spell levels left.
You knew the following spells:

 Your Spells              Type           Power        Failure   Level
s - Searing Ray           Conj           ###...       4%          2
z - Magic Dart            Conj           ###.         2%          1

Your spell library contained the following spells:

 Spells                   Type           Power        Failure   Level
 Dazzling Flash           Conj/Hex       ##....       21%         3
 Fulminant Prism          Conj/Hex       ##........   56%         4
 Iskenderun's Mystic Bla  Conj/Tloc      ##......     56%         4

Inventory:

Hand Weapons
 c - a +0 whip (weapon)
Scrolls
 a - a scroll of remove curse {unknown}
 e - a scroll of enchant weapon {unknown}
 f - a scroll of teleportation {unknown}
 g - a scroll of fog {unknown}
Potions
 b - 2 potions of haste {unknown}
 d - a potion of magic {unknown}

Dungeon Overview and Level Annotations

Branches:
Dungeon (2/15)

Altars:

Annotations:
D:2 Natasha

. ...##..K....#
###. #..........#
....###...$......#
..........K......#.
.!.................
.......#5#.........
.........#.........
r.......h#.........
.......@...........
......#5###......#
.........<...#...#
......#.#.######.#
.#....#.#.# .#
..... #.#.# ##.#.
#.#.# #.# #.#.# #..


You could see Natasha, a crimson imp (summoned), a white imp (summoned), a
kobold and a rat (asleep).


Message History

The magic dart hits Natasha.
Natasha is moderately wounded.
Casting: Magic Dart (safe; 2% risk of failure)
Confirm with . or Enter, or press ? or * to list all spells.
You don't have enough magic to cast that spell.
Casting: Magic Dart (safe; 2% risk of failure)
Confirm with . or Enter, or press ? or * to list all spells.
You don't have enough magic to cast that spell.
A kobold comes into view.
Natasha claws you.
You hit Natasha.
Your tail-slap misses Natasha.
Natasha is heavily wounded.
The kobold shouts!
Natasha zaps a wand.
The puff of flame hits you!
* * * LOW HITPOINT WARNING * * *
Natasha growls.
Natasha claws you.
* * * LOW HITPOINT WARNING * * *
Found a ruby potion.
Natasha casts a spell.
The white imp laughs crazily.
Natasha mewls in sadness.
Casting: Magic Dart (safe; 2% risk of failure)
Confirm with . or Enter, or press ? or * to list all spells.
You don't have enough magic to cast that spell.
Unknown command.
A rat comes into view.
Natasha mumbles some strange words.
The white imp gestures at you. The puff of frost hits you!
Ouch! That really hurt!
You die...

Action                   || total
-------------------------++-------
Melee: Whip              ||     1
 Cast: Magic Dart        ||    36
       Searing Ray       ||     1
Armor: Skin              ||     5
Dodge: Dodged            ||     7

Levels and vault maps discovered:
D:1:      minmay_arrival_wavy_path, layout_basic
D:2:      wad_river_or_something, layout_basic,
          grunt_dithmenos_smoke_and_mirrors, uniq_natasha

Notes
Turn   | Place    | Note
-------+----------+-------------------------------------------
     0 | D:1      | Dracia the Draconian Conjurer began the quest for the Orb.
     0 | D:1      | Reached XP level 1. HP: 14/14 MP: 3/3
   257 | D:1      | Reached XP level 2. HP: 20/20 MP: 3/5
   308 | D:1      | Learned a level 2 spell: Searing Ray
  1073 | D:2      | Noticed Natasha
  1083 | D:2      | Killed from afar by a white imp

Vanquished Creatures
  2 dart slugs (D:1)
  4 goblins (D:1)
  A hobgoblin (D:2)
  3 bats (D:1)
  A frilled lizard (D:1)
  7 kobolds (D:1)
  2 rats (D:1)
20 creatures vanquished.

Table legend: (Time is in decaauts)
 A = Elapsed time spent in this place.
 B = Non-inter-level travel time spent in this place.
 C = Inter-level travel time spent in this place.
 D = Time resting spent in this place.
 E = Time spent auto-exploring this place.
 F = Levels seen in this place.
 G = Mean time per level.
                   A        B        C        D        E       F      G
               +--------+--------+--------+--------+--------+-----+--------+
         Total |   1082 |   1062 |     20 |    151 |    822 |   2 |  541.0 |
       Dungeon |   1082 |   1062 |     20 |    151 |    822 |   2 |  541.0 |
               +--------+--------+--------+--------+--------+-----+--------+

Top non-repeatable levels by time:
     D:1: 1058 daAuts
     D:2: 23 daAuts

Table legend:
 A = Non-vault XP
 B = Vault XP
 C = Vault XP percentage of total XP
 D = Non-vault monster count
 E = Vault monster count
 F = Vault count percentage of total count
                 A         B        C        D         E       F
            +---------+---------+-------+---------+---------+-------
      Total |      34 |       0 |   0.0 |      20 |       0 |   0.0
            +---------+---------+-------+---------+---------+-------
        D:1 |      32 |       0 |   0.0 |      19 |       0 |   0.0
        D:2 |       2 |       0 |   0.0 |       1 |       0 |   0.0
            +---------+---------+-------+---------+---------+-------
